 Dungeon Crawl Stone Soup version 0.27.1-33-g824d729ab1 (webtiles) character file.

Game seed: 6936228958165948590

14809 safid the Severer (level 12, -4/92 HPs)
             Began as a Hill Orc Fighter on Dec 21, 2021.
             Was a Priest of Beogh.
             Slain by a fire elemental (12 damage)
             ... led by Azrael
             ... on level 11 of the Dungeon.
             The game lasted 00:25:47 (15949 turns).

safid the Severer (Hill Orc Fighter)               Turns: 15949, Time: 00:25:48

Health: -4/92      AC: 15    Str: 32    XL:     12   Next: 20%
Magic:  13/13      EV: 10    Int:  8    God:    Beogh [***...]
Gold:   706        SH: 15    Dex: 10    Spells: 11/11 levels left

rFire    . . .     SeeInvis +   u - +4 trident of Zuogor {freeze, +Blink rElec rC- Str+8 SInv}
rCold    . . .     Faith    +   c - +0 kite shield
rNeg     + . .     Spirit   .   q - +2 scale mail {rC+}
rPois    .         Reflect  .   (no helmet)
rElec    +         Harm     .   M - scarf {+Inv}
rCorr    .         Rampage  .   (no gloves)
Will     .....                  L - +1 pair of boots
Stlth    ..........             w - amulet of faith
HPRegen  0.25/turn              g - ring of positive energy
MPRegen  0.13/turn              k - +4 ring of protection

@: no status effects
A: no striking features
a: Renounce Religion, Evoke Blink, Evoke Invisibility, Smiting


You were on level 11 of the Dungeon.
You worshipped Beogh.
Beogh was most pleased with you.
You visited 2 branches of the dungeon, and saw 13 of its levels.

You collected 1067 gold pieces.
You spent 361 gold pieces at shops.

Inventory:

Hand Weapons
 a - a +0 war axe
 u - the +4 trident of Zuogor (weapon) {freeze, +Blink rElec rC- Str+8 SInv}
   (You found it on level 4 of the Dungeon)

   It freezes those it strikes, dealing additional cold damage.
   It can also slow down cold-blooded creatures.
   Str:       It affects your strength (+8).
   rC:        It makes you vulnerable to cold.
   rElec:     It insulates you from electricity.
   SInv:      It lets you see invisible.
   +Blink:    It lets you blink.
 y - the +6 rapier of the Mind {pain, rF+ Dex+6 Stlth+}
   (You found it on level 5 of the Dungeon)

   In the hands of one skilled in necromantic magic, it inflicts extra damage on
   living creatures.
   Dex:       It affects your dexterity (+6).
   rF:        It protects you from fire.
   Stlth:     It makes you more stealthy.
Missiles
 i - 3 javelins
 l - 50 poisoned darts (quivered)
Armour
 c - a +0 kite shield (worn)
 q - a +2 scale mail of cold resistance (worn)
 L - a +1 pair of boots (worn)
 M - a scarf of invisibility (worn)
Jewellery
 g - a ring of positive energy (left hand)
 k - a +4 ring of protection (right hand)
 s - an amulet of reflection
 w - an amulet of faith (around neck)
 I - a ring of flight
 J - a ring of see invisible
Wands
 e - a wand of iceblast (19)
 p - a wand of digging (5)
 G - a wand of flame (17)
 H - a wand of polymorph (6)
 K - a wand of acid (8)
Scrolls
 b - 2 scrolls of blinking
 f - 3 scrolls of summoning
 j - a scroll of fog {unknown}
 t - 2 scrolls of magic mapping
 v - 2 scrolls of vulnerability {unknown}
 x - a scroll of enchant armour {unknown}
 B - 2 scrolls of silence
 D - 2 scrolls of fear {unknown}
 E - a scroll of teleportation {unknown}
 N - a scroll of enchant weapon {unknown}
 O - a scroll of torment {unknown}
Potions
 d - a potion of might
 h - 2 potions of magic {unknown}
 m - a potion of heal wounds
 n - 3 potions of berserk rage
 o - a potion of invisibility
 r - 5 potions of curing
 z - 4 potions of brilliance {unknown}
 A - 2 potions of flight {unknown}
 C - 3 potions of lignification {unknown}
 F - a potion of haste


   Skills:
 + Level 4.7 Fighting
 - Level 16.0 Axes
 - Level 4.0 Armour
 - Level 15.0 Shields
 + Level 2.4 Invocations


You had 11 spell levels left.
You didn't know any spells.
Your spell library contained the following spells:

 Spells                   Type           Power      Damage    Failure   Level
 Corpse Rot               Necr/Air       N/A        N/A       77%         2
 Static Discharge         Conj/Air       0%         N/A       77%         2
 Gell's Gravitas          Tloc           0%         N/A       94%         3
 Lesser Beckoning         Tloc           0%         N/A       94%         3
 Teleport Other           Tloc           0%         N/A       94%         3
 Dispel Undead            Necr           0%         3d6       100%        4
 Hailstorm                Conj/Ice       0%         3d3       100%        4
 Ice Form                 Ice/Tmut       0%         N/A       100%        4
 Sticky Flame             Conj/Fire      0%         2d3       100%        4
 Death Channel            Necr           0%         N/A       100%        6
 Simulacrum               Ice/Necr       0%         N/A       100%        6


Dungeon Overview and Level Annotations

Branches:
Dungeon (12/15)            Temple (1/1) D:4            Lair (0/6) D:11
    Orc (0/2) D:9

Altars:
Ashenzari
Cheibriados
Dithmenos
Elyvilon
Fedhas
Gozag
Hepliaklqana
Kikubaaqudgha
Makhleb
Nemelex Xobeh
Okawaru
Qazlal
Ru
Sif Muna
Trog
Uskayaw
Vehumet
Wu Jian
Xom
Yredelemnul
Zin
The Shining One
Lugonu

Shops:
D:5 !   D:11 **

Annotations:
D:12 Azrael


Message History

You block the fire elemental's attack.
You puncture the fire elemental! You freeze the fire elemental.
The fire elemental is moderately damaged.
You block the fire elemental's attack. The fire elemental closely misses you.
Unknown command.
You impale the fire elemental!! You freeze the fire elemental.
The fire elemental is almost destroyed.
The fire elemental closely misses you. You block the fire elemental's attack.
Unknown command.
You closely miss the fire elemental.
The fire elemental is almost destroyed.
The fire elemental misses you. The fire elemental hits you.
The fire elemental burns you!
* * * LOW HITPOINT WARNING * * *
The fire elemental hits you. The fire elemental burns you!
* * * LOW HITPOINT WARNING * * *
You puncture the fire elemental! You freeze the fire elemental.
You destroy the fire elemental!
Beogh accepts your kill. You block the fire elemental's attack.
Unknown command.
You closely miss the fire elemental. You block the fire elemental's attack.
Unknown command.
You barely miss the fire elemental. You block the fire elemental's attack.
Unknown command.
You barely miss the fire elemental. You block the fire elemental's attack.
Unknown command.
You puncture the fire elemental! You freeze the fire elemental!
The fire elemental is almost destroyed.
The fire elemental hits you. The fire elemental burns you!
* * * LOW HITPOINT WARNING * * *
Unknown command.
You closely miss the fire elemental.
The fire elemental is almost destroyed.
The fire elemental barely misses you.
Unknown command.
You hit the fire elemental. You freeze the fire elemental.
The fire elemental is almost destroyed.
The fire elemental hits you. The fire elemental burns you!
You die...

..............#######....########
P..P.)###############............
...........##.......#.####.......
.....#.....##...)...#.# #.......
.P...#.....##.......#.####...##..
..♣.##...######.#####............
..P..#'#### #.######'#.........
.....#....# #..E.....#.........
.##..#....# #.@......#....#####
###..#....# #........#....#....
.....#....# #........#....#....
.....#....# #........#....##'##
.....#...## ##########.........
####'#...# #####.###. .........#
#.###. .........# #.....
#....####### ######## ######


You could see a fire elemental.

Vanquished Creatures
  3 two-headed ogres
  Pikel (D:6)
  A deep elf zephyrmancer (D:6)
  An ugly thing (D:12)
  A gargoyle (D:11)
  3 trolls
  Grinder (D:3)
  A vampire (D:8)
  22 yaks
  A shadow (D:9)
  2 wraiths
  5 wyverns
  2 basilisks (D:11)
  2 fire elementals
  A steam dragon (D:7)
  Menkaure (D:4)
  4 water moccasins
  3 acid dragons
  3 orc warriors
  2 sky beasts (D:6)
  3 necrophages
  An ogre (D:6)
  5 centaurs
  A phantom (D:6)
  Blork the orc (D:5)
  2 bullfrogs
  4 wyvern zombies
  2 gnoll sergeants
  5 scorpions
  2 water moccasin zombies
  4 killer bees (D:7)
  11 wights
  3 howler monkeys
  An electric eel (D:10)
  A hound (D:6)
  A jelly (D:6)
  4 centaur zombies
  4 orc priests
  A gnoll shaman (D:3)
  A centaur skeleton (D:7)
  Ijyb (D:3)
  Natasha (thrice) (D:4)
  4 iguanas
  14 orc wizards
  Terence (D:2)
  3 hound zombies (D:4)
  10 gnolls
  10 adders
  A white imp (D:6)
  2 ufetubi (D:6)
  2 adder zombies (D:4)
  4 dart slugs
  34 orcs
  11 endoplasms
  5 giant cockroaches
  6 goblins
  3 hobgoblins
  4 jackals (D:4)
  2 kobolds
  6 quokkas
  7 ball pythons
  6 bats
  3 frilled lizards
  7 rats
266 creatures vanquished.

Vanquished Creatures (others)
  An orc priest (D:7)
  An orc wizard (D:7)
  An ufetubus (D:7)
  An orc (D:7)
  5 fungi
  6 plants
15 creatures vanquished.

Grand Total: 281 creatures vanquished

Notes
Turn   | Place    | Note
-------+----------+-------------------------------------------
     0 | D:1      | safid the Hill Orc Fighter began the quest for the Orb.
     0 | D:1      | Reached XP level 1. HP: 19/19 MP: 1/1
    60 | D:1      | Reached skill level 3 in Axes
    60 | D:1      | Reached XP level 2. HP: 24/27 MP: 2/2
   337 | D:1      | Reached XP level 3. HP: 19/33 MP: 3/3
   473 | D:1      | Found a faded altar of an unknown god.
  1259 | D:2      | Reached XP level 4. HP: 38/40 MP: 4/4
  1545 | D:2      | Reached skill level 4 in Axes
  1822 | D:2      | Noticed Terence
  1827 | D:2      | Killed Terence
  2106 | D:3      | Reached XP level 5. HP: 45/46 MP: 5/5
  2311 | D:3      | Noticed Ijyb
  2323 | D:3      | Killed Ijyb
  2442 | D:3      | Noticed Grinder
  2469 | D:3      | Killed Grinder
  2470 | D:3      | Reached skill level 6 in Axes
  2470 | D:3      | Reached skill level 5 in Shields
  2470 | D:3      | Reached XP level 6. HP: 18/52 MP: 6/6
  2721 | D:3      | Found a broken altar of Ashenzari.
  3189 | D:4      | Noticed a necrophage
  3200 | D:4      | Reached XP level 7. HP: 36/59 MP: 7/7
  3207 | D:4      | Reached skill level 7 in Axes
  3498 | D:4      | Found a basalt altar of Yredelemnul.
  3608 | D:4      | Found a staircase to the Ecumenical Temple.
  3659 | D:4      | Noticed Menkaure
  3669 | D:4      | Killed Menkaure
  3837 | D:4      | Reached skill level 8 in Axes
  3843 | D:4      | Identified the +4 trident of Zuogor {freeze, +Blink rElec
                  | rC- Str+8 SInv}
  3867 | D:4      | Noticed Natasha
  3886 | D:4      | Killed Natasha
  3944 | D:4      | Noticed Natasha
  3955 | D:4      | Killed Natasha
  3956 | D:4      | Reached XP level 8. HP: 47/66 MP: 8/8
  4346 | D:4      | Noticed Natasha
  4364 | D:4      | Killed Natasha
  4803 | D:5      | Entered Level 5 of the Dungeon
  4813 | D:5      | Identified the +6 rapier of the Mind {pain, rF+ Dex+6
                  | Stlth+}
  4836 | D:5      | Reached skill level 9 in Axes
  5299 | D:5      | Found an ornate altar of the Wu Jian Council.
  5322 | D:5      | Noticed Blork the orc
  5331 | D:5      | Killed Blork the orc
  5464 | D:5      | Found a white marble altar of Elyvilon.
  5487 | D:5      | Found a hazy altar of Hepliaklqana.
  5487 | D:5      | Found a sacrificial altar of Ru.
  5489 | D:5      | Found an iron altar of Okawaru.
  5489 | D:5      | Found a shimmering altar of Xom.
  5489 | D:5      | Found a shimmering altar of Xom.
  5757 | D:5      | Found Amuwn's Distillery.
  5765 | D:5      | Bought a potion of heal wounds for 75 gold pieces
  5765 | D:5      | Bought a potion of curing for 45 gold pieces
  5765 | D:5      | Bought a potion of curing for 45 gold pieces
  5919 | D:5      | Found a burning altar of Makhleb.
  6055 | Temple   | Entered the Ecumenical Temple
  6203 | D:6      | Reached skill level 10 in Axes
  6305 | D:6      | Reached XP level 9. HP: 44/71 MP: 9/9
  6509 | D:6      | Noticed Pikel
  6519 | D:6      | Killed Pikel
  6520 | D:6      | Reached skill level 11 in Axes
  6520 | D:6      | Reached skill level 10 in Shields
  7177 | D:6      | Noticed a deep elf zephyrmancer
  7190 | D:6      | Killed a deep elf zephyrmancer
  7191 | D:6      | Reached skill level 12 in Axes
  7191 | D:6      | Reached XP level 10. HP: 78/78 MP: 10/10
  7433 | D:5      | Bought a potion of haste for 150 gold pieces
  7543 | D:7      | Became a worshipper of Beogh the Brigand
  8289 | D:7      | Noticed a two-headed ogre
  8302 | D:7      | Killed a two-headed ogre
  8303 | D:7      | Reached skill level 13 in Axes
  8846 | D:7      | Found a sacrificial altar of Ru.
  8901 | D:7      | Reached * piety under Beogh
 10773 | D:9      | Found a bloodstained altar of Trog.
 10839 | D:9      | Found a staircase to the Orcish Mines.
 11193 | D:9      | Reached skill level 14 in Axes
 11229 | D:9      | Reached ** piety under Beogh
 11314 | D:9      | Reached XP level 11. HP: 69/84 MP: 11/11
 11507 | D:9      | Found a hide-covered altar of Uskayaw.
 11511 | D:9      | Found a shadowy altar of Dithmenos.
 11514 | D:9      | Found a sparkling altar of Nemelex Xobeh.
 11514 | D:9      | Found a stormy altar of Qazlal.
 11528 | D:9      | Found a shimmering blue altar of Sif Muna.
 11531 | D:9      | Found a hazy altar of Hepliaklqana.
 11739 | D:10     | Entered Level 10 of the Dungeon
 12586 | D:10     | Reached skill level 15 in Axes
 12785 | D:10     | Noticed a two-headed ogre
 12795 | D:10     | Killed a two-headed ogre
 13552 | D:11     | Found Puptec's Assorted Antiques.
 13558 | D:11     | Bought a scroll of identify for 46 gold pieces
 13607 | D:11     | Reached *** piety under Beogh
 13668 | D:11     | Found an ornate altar of the Wu Jian Council.
 13699 | D:11     | Noticed a two-headed ogre
 13926 | D:10     | Reached skill level 16 in Axes
 14297 | D:10     | Killed a two-headed ogre
 14298 | D:10     | Reached XP level 12. HP: 36/91 MP: 12/12
 14670 | D:11     | Found a staircase to the Lair.
 15302 | D:11     | Found Ebbov's Assorted Antiques.
 15477 | D:11     | Reached skill level 15 in Shields
 15712 | D:11     | Reached skill level 1 in Invocations
 15912 | D:12     | Noticed Azrael
 15949 | D:11     | Slain by a fire elemental

Illustrated notes

Levels and vault maps discovered:
D:1:      matt_arrival_grand_opening, layout_rooms,
          shapermc_ecumenical_altar_mp_ritualfount
D:2:      layout_loops_ring, uniq_terence
D:3:      layout_loops_cross, mainiacjoe_overflow_catwalk, uniq_ijyb,
          uniq_grinder
D:4:      layout_basic, nicolae_yredelemnul_corpse_copse, temple_doors_e,
          kennysheep_generic_room_4, uniq_natasha, uniq_menkaure
D:5:      layout_basic, doesnt_xom_only_xom, mainiacjoe_overflow_big_doors,
          serial_shops, shop, uniq_blork_the_orc
D:6:      minmay_polygon_palace, layout_rooms, guppyfry_early_elven_hall,
          uniq_pikel
D:7:      layout_loops_corners, lemuel_crystal_altar
D:8:      layout_basic, minivault_26
D:9:      layout_basic, mainiacjoe_overflow_surrounded_room,
          grunt_temple_overflow_open, orc_0_dummy, nicolae_sextant,
          minmay_diced_spiral
D:10:     layout_basic, serial_bayou_pond_b, st_stairs_10
D:11:     layout_stronghold, minmay_lair_entry_grove, serial_shops, shop_statue,
          nicolae_shop_temple_entry_statues_fountains, kennysheep_path_1,
          nzn_wu_jian_council_hall
D:12:     minmay_diamond_stairs, layout_rooms, enter_bailey_1, uniq_azrael
Temple:   corrupted_temple

Skill      XL: |  1  2  3  4  5  6  7  8  9 10 11 12 |
---------------+-------------------------------------+-----
Axes           | 3 4 6 8 10 12 14 16 | 16.0
Fighting       | 4 |  4.7
Shields        | 4 5 6 7 9 10 12 14 15 | 15.0
Armour         | 4 |  4.0
Invocations    | 2 |  2.4

Action                   |  1- 3 |  4- 6 |  7- 9 | 10-12 || total
-------------------------+-------+-------+-------+-------++-------
Melee: War axe           |   100 |   131 |    74 |       ||   305
       Unarmed           |       |       |    33 |       ||    33
       Trident           |       |       |   239 |   619 ||   858
Throw: Dart              |       |     5 |    19 |     5 ||    29
       Javelin           |       |     3 |       |       ||     3
Invok: Convert to Beogh  |       |       |       |     1 ||     1
  Use: Potion            |     1 |       |     1 |     3 ||     5
       Scroll            |       |     4 |     1 |     3 ||     8
Armor: Scale mail        |    44 |    63 |   128 |   170 ||   405
Dodge: Dodged            |    43 |    58 |    94 |   162 ||   357
Block: Kite shield       |    65 |    74 |   185 |   411 ||   735
